 Dungeon Crawl Stone Soup version 0.22-a0-271-gc000056 (webtiles) character file.

55 nikopol the Firebug (level 3, 0/19 HPs)
             Began as a Deep Elf Fire Elementalist on Mar 13, 2018.
             Slain by a jackal (2 damage)
             ... on level 1 of the Dungeon.
             The game lasted 00:04:10 (1669 turns).

nikopol the Firebug (Deep Elf Fire Elementalist)    Turns: 1669, Time: 00:04:11

Health: 0/19       AC:  2    Str:  5    XL:     3   Next: 67%
Magic:  0/10       EV: 13    Int: 20    God:
Gold:   67         SH:  0    Dex: 15    Spells: 4/10 levels left

rFire    . . .     SeeInvis .   (no weapon)
rCold    . . .     Gourm    .   (no shield)
rNeg     . . .     Faith    .   a - +0 robe
rPois    .         Spirit   .   (no helmet)
rElec    .         Reflect  .   f - scarf {repulsion}
rCorr    .         Harm     .   (no gloves)
MR       .....                  (no boots)
Stlth    ++........             (no amulet)
HPRegen  0.06/turn              (no ring)
MPRegen  0.12/turn              (no ring)

@: repel missiles
A: no striking features
a: no special abilities


You were on level 1 of the Dungeon.
You were not hungry.

You visited 1 branch of the dungeon, and saw 2 of its levels.

You collected 67 gold pieces.

Inventory:

Armour
 a - a +0 robe (worn)
 f - a scarf of repulsion (worn)
Scrolls
 b - 3 scrolls of noise {unknown}
 g - 2 scrolls of identify {unknown}
Potions
 d - a potion of haste {unknown}
 e - a potion of berserk rage {unknown}
 h - 2 potions of flight {unknown}
 i - a potion of curing {unknown}
 k - 2 potions of degeneration {unknown}
Comestibles
 c - 3 rations
 j - a chunk of flesh


   Skills:
 + Level 2.8 Dodging
 + Level 2.8 Stealth
 + Level 4.0 Spellcasting
 + Level 1.4 Conjurations
 + Level 4.1 Fire Magic


You had 4 spell levels left.
You knew the following spells:

 Your Spells              Type           Power        Failure   Level  Hunger
a - Flame Tongue          Conj/Fire      ###..        4%          1    None
b - Throw Flame           Conj/Fire      ###...       6%          2    #......
c - Conjure Flame         Conj/Fire      ###.....     12%         3    ###....


Dungeon Overview and Level Annotations

Branches:
Dungeon (2/15)

Altars:


Message History

* * * LOW HITPOINT WARNING * * *
The jackal closely misses you.
You see here a jackal corpse.
The jackal bites you.
* * * LOW HITPOINT WARNING * * *
The jackal bites you.
* * * LOW HITPOINT WARNING * * *
The jackal misses you.
Casting: Flame Tongue (safe; 4% risk of failure)
Confirm with . or Enter, or press ? or * to list all spells.
Aiming: Flame Tongue (safe; 4% risk of failure)
Press: ? - help, Shift-Dir - straight line, f - jackal
Aim: a jackal The flame tongue hits the jackal.
The jackal is almost dead.
The jackal closely misses you. The jackal bites you.
* * * LOW HITPOINT WARNING * * *
The jackal bites you.
You die...

##'#### #...#
##....# #...#
.'....######..####
##...............#
#.....#####..##.#
#.....# ##.##.#
#.....# #..#.#
##.....# ##†#h#
...###.# #>#@#
...###'### #.#.#
...##....#####.#.#
...##....'.......#
...##....#.###.#.#
...##....#.# #.###
.####....#.# #.#
.# ##.###.# #.# .#
##.###.###.#


You could see a jackal.

Vanquished Creatures
  An adder (D:2)
  A worm (D:2)
  A dart slug (D:1)
  6 giant cockroaches
  5 goblins
  7 hobgoblins
  4 jackals
  A ball python (D:1)
  A bat (D:1)
  2 frilled lizards
  4 kobolds
  5 rats
38 creatures vanquished.

Notes
Turn   | Place    | Note
-------+----------+-------------------------------------------
     0 | D:1      | nikopol the Deep Elf Fire Elementalist began the quest for the Orb.
     0 | D:1      | Reached XP level 1. HP: 10/10 MP: 6/6
   233 | D:1      | You fall through a shaft!
   385 | D:1      | Reached XP level 2. HP: 15/15 MP: 6/8
  1165 | D:2      | Reached XP level 3. HP: 9/19 MP: 0/10
  1380 | D:2      | Learned a level 2 spell: Throw Flame
  1384 | D:2      | Learned a level 3 spell: Conjure Flame
  1669 | D:1      | Slain by a jackal

Vault maps used:
D:1:      minmay_arrival_three_doors
D:2:      nrook_mini_backslash, uniq_crazy_yiuf_cottage

Skill      XL: |  1  2  3 |
---------------+----------+-----
Fire Magic     | 4 |  4.1
Spellcasting   | 4 |  4.0
Dodging        | |  2.8
Stealth        | |  2.8
Conjurations   | |  1.4

Action                   || total
-------------------------++-------
 Cast: Flame Tongue      ||    81
  Eat: Chunk             ||     2
Armor: Robe              ||     7
Dodge: Dodged            ||    33
       Deflected         ||     2

Table legend:
 A = Spawn XP
 B = Non-spawn XP
 C = Spawn XP percentage of total XP
 D = Spawn monster count
 E = Non-spawn monster count
 F = Spawn count percentage of total count
 G = Total turns spent on level
                    A         B        C        D         E        F      G
               +---------+---------+-------+---------+---------+-------+---------
         Total |       0 |      79 |   0.0 |       0 |      38 |   0.0 |  1669
               +---------+---------+-------+---------+---------+-------+---------
           D:1 |       0 |      29 |   0.0 |       0 |      18 |   0.0 |  1295
           D:2 |       0 |      50 |   0.0 |       0 |      20 |   0.0 |   374
               +---------+---------+-------+---------+---------+-------+---------
